AoeStats
← Gonz

African Clearing

505531557Analyzed
4v4 RM · 22d ago on Sep 9, 2026· 70m 59s· 8 players
Game mode
Random Map
Map size
Large (8 player)
Population
200
Speed
Normal
Resources
Standard
Victory
Conquest
Starting age
Dark Age
Ending age
Imperial Age
RankedLock teamsTeams togetherTeam positionsShared explorationLock speedFull tech treeHidden civsTurbo modeCheats
Victory
Defeat
🇨🇳 Cumans · China
1249
+20
🇯🇴 Tupi · Jordan
1247
+20
🇨🇳 Burgundians · China
1203
+22
🇹🇷 Maya · Türkiye
1146
+24
🇦🇷 Berbers · Argentina
1432
-25
🇦🇷 Byzantines · Argentina
1376
-23
🇦🇷 Magyars · Argentina
1364
-23
🇦🇷 Ethiopians · Argentina
1182
-15
Sir_FatLion
3:11 Loom
12:42 Feudal Age
13:40 Double-Bit Axe
15:31 Horse Collar
18:46 Fletching
24:25 Padded Archer Armor
26:59 Gold Mining
29:43 Castle Age
29:48 Crossbowman
30:26 Bodkin Arrow
32:51 Leather Archer Armor
35:35 Wheelbarrow
36:18 Ballistics
46:31 Imperial Age
46:38 Arbalester
47:46 Bracer
49:43 Chemistry
49:42 Conscription
50:11 Ring Archer Armor
56:40 Hand Cart
57:25 Bow Saw
57:20 Heavy Plow
57:57 Gold Shaft Mining
67:55 Spies/Treason
BAŞARAMADIM
4:29 Loom
15:06 Feudal Age
15:57 Man-at-Arms
26:38 Fletching
27:26 Double-Bit Axe
36:41 Castle Age
36:11 Horse Collar
41:18 Bow Saw
46:19 Wheelbarrow
47:19 Heavy Plow
49:01 Elite Skirmisher
49:47 Thumb Ring
49:57 Gold Mining
49:57 Stone Mining
51:36 Bodkin Arrow
51:41 Padded Archer Armor
57:00 Imperial Age
56:49 Hand Cart
56:21 Town Watch
57:14 Stone Shaft Mining
57:04 Ballistics
58:10 Hul'che Javelineers
58:30 Town Patrol
59:22 Conscription
60:23 Chemistry
60:01 Bracer
60:16 Leather Archer Armor
64:19 Ring Archer Armor
64:57 Forging
64:47 Scale Mail Armor
66:17 Holcans
65:10 Eagle Warrior
65:51 Squires
65:37 Arson
66:59 Iron Casting
66:38 Capped Ram
66:42 Elite Eagle Warrior
70:52 Blast Furnace
70:07 Chain Mail Armor
莽夫
3:22 Loom
9:08 Double-Bit Axe
13:39 Feudal Age
14:10 Wheelbarrow
17:33 Castle Age
18:27 Bow Saw
22:32 Hand Cart
23:34 Horse Collar
25:51 Heavy Plow
25:27 Cavalier
26:09 Husbandry
28:12 Gold Mining
30:02 Scale Barding Armor
30:56 Forging
32:08 Crop Rotation
32:30 Chain Barding Armor
43:54 Imperial Age
44:15 Paladin
45:35 Plate Barding Armor
45:35 Iron Casting
帝国新手
5:25 Loom
12:50 Feudal Age
13:38 Double-Bit Axe
17:06 Forging
28:28 Castle Age
27:56 Bloodlines
36:16 Fletching
36:27 Padded Archer Armor
37:11 Horse Collar
38:43 Bodkin Arrow
39:42 Bow Saw
40:20 Leather Archer Armor
41:24 Wheelbarrow
40:47 Gold Mining
45:05 Ballistics
47:29 Imperial Age
45:22 Light Cavalry
47:34 Capped Ram
49:39 Ring Archer Armor
49:37 Parthian Tactics
48:38 Elite Skirmisher
52:26 Conscription
52:25 Town Watch
58:11 Chemistry
57:43 Hussar
58:13 Cavalier
60:59 Heavy Plow
61:25 Scale Barding Armor
63:52 Chain Barding Armor
64:36 Iron Casting
65:43 Hand Cart
66:17 Crop Rotation
70:01 Town Patrol
71:08 Two-Man Saw
69:56 Siege Ram
72:37 Blast Furnace
Nicoc
13:21 Feudal Age
16:57 Castle Age
15:21 Double-Bit Axe
16:21 Loom
16:31 Loom
19:44 Bow Saw
19:15 Horse Collar
20:11 Stone Mining
23:37 Fletching
31:17 Stone Shaft Mining
31:35 Wheelbarrow
32:30 Coinage
34:45 Imperial Age
32:24 Squires
33:30 Bodkin Arrow
33:03 Pikeman
34:13 Scale Mail Armor
36:10 Bracer
35:55 Crossbowman
38:23 Chemistry
37:44 Ballistics
39:43 Halberdier
42:31 Padded Archer Armor
42:47 Thumb Ring
43:40 Conscription
42:48 Arbalester
44:28 Leather Archer Armor
44:28 Chain Mail Armor
45:40 Ring Archer Armor
62:38 Scale Barding Armor
Gonz
4:10 Loom
15:09 Feudal Age
41:59 Double-Bit Axe
57:18 Castle Age
56:00 Horse Collar
58:58 Husbandry
58:20 Light Cavalry
60:06 Scale Barding Armor
61:10 Forging
garciaezequiel91
9:33 Loom
12:00 Feudal Age
14:43 Double-Bit Axe
21:35 Castle Age
20:37 Scale Barding Armor
20:47 Bloodlines
24:18 Husbandry
24:30 Horse Collar
33:30 Chain Barding Armor
33:45 Gold Mining
35:00 Town Watch
37:41 Fletching
40:34 Bodkin Arrow
42:24 Wheelbarrow
42:55 Bow Saw
42:42 Town Watch
44:00 Hand Cart
Nachom
8:22 Loom
14:10 Feudal Age
15:00 Double-Bit Axe
15:35 Man-at-Arms
21:54 Castle Age
20:29 Gold Mining
21:42 Scale Barding Armor
36:32 Fletching
37:26 Wheelbarrow
37:16 Bodkin Arrow
38:45 Padded Archer Armor
39:43 Ballistics
41:19 Horse Collar
42:14 Bow Saw
44:00 Kasbah
44:24 Thumb Ring
46:55 Bloodlines
48:22 Leather Archer Armor
51:59 Imperial Age
50:56 Hand Cart
51:41 Heavy Plow
52:40 Bracer
53:32 Ring Archer Armor
53:46 Conscription
54:37 Chemistry
53:50 Husbandry
53:33 Elite Camel Archer
55:22 Maghrebi Camels
56:32 Hoardings
57:45 Ring Archer Armor
57:02 Town Watch
58:44 Chain Barding Armor
57:46 Light Cavalry
59:06 Forging
60:16 Plate Barding Armor
63:16 Iron Casting
Connection lost

Rejoining the realm…

Still unreachable

The connection could not be restored.

Session expired

The server has moved on; the page needs a fresh start.